 Dungeon Crawl Stone Soup version 0.29.1-4-g47bece8355 (webtiles) character file.

Game seed: 15346540994083848453

301 GigaChad the Covered (level 6, 0/56 HPs)
             Began as a Minotaur Fighter on Dec 2, 2022.
             Was an Initiate of Gozag.
             Slain by a sky beast (4 damage)
             ... on level 6 of the Dungeon on Dec 3, 2022.
             The game lasted 00:05:07 (3046 turns).

GigaChad the Covered (Minotaur Fighter)             Turns: 3046, Time: 00:05:07

Health: 0/56       AC: 10    Str: 22    XL:     6   Next: 14%
Magic:  5/5        EV:  8    Int:  5    God:    Gozag
Gold:   375        SH:  5    Dex: 10    Spells: 5/5 levels left

rFire   . . .      SeeInvis .   a - +0 war axe
rCold   . . .      Faith    .   c - +1 buckler
rNeg    . . .      Spirit   .   j - +0 chain mail
rPois   .          Reflect  .   (helmet restricted)
rElec   .          Harm     .   (no cloak)
rCorr   .          Rampage  .   (no gloves)
Will    .....                   (no boots)
Stlth   ..........              (no amulet)
HPRegen 0.18/turn               (no ring)
MPRegen 0.09/turn               (no ring)

@: no status effects
A: horns 2, retaliatory headbutt
a: Renounce Religion, Potion Petition, Call Merchant, Bribe Branch


You were on level 6 of the Dungeon.
You worshipped Gozag.
Gozag was aware of your devotion.
You visited 1 branch of the dungeon, and saw 4 of its levels.

You collected 375 gold pieces.

Inventory:

Hand Weapons
 a - a +0 war axe (weapon)
 r - a +0 great sword
Armour
 b - a +0 scale mail
 c - a +1 buckler (worn)
 j - a +0 chain mail (worn)
Jewellery
 i - a ring of resist corrosion
 k - an amulet of magic regeneration
Scrolls
 e - 2 scrolls of identify
 f - a scroll of blinking
 o - 2 scrolls of fear
Potions
 d - a potion of might
 g - a potion of haste {unknown}
 h - a potion of flight {unknown}
 l - 2 potions of degeneration {unknown}
 m - a potion of curing {unknown}
 n - a potion of ambrosia {unknown}
 p - a potion of heal wounds {unknown}


   Skills:
 + Level 5.0 Fighting
 + Level 4.6 Axes
 + Level 5.5 Armour
 + Level 1.5 Dodging
 + Level 0.5 Stealth
 + Level 4.1 Shields


You had 5 spell levels left.
You didn't know any spells.
Your spell library contained the following spells:

 Spells                   Type           Power      Damage    Failure   Level
 Static Discharge         Conj/Air       0%         3-3/arc   100%        2
 Sublimation of Blood     Necr           0%         N/A       100%        2
 Wereblood                Tmut           0%         N/A       100%        2
 Ozocubu's Armour         Ice            0%         N/A       100%        3
 Dispel Undead            Necr           0%         3d6       100%        4
 Petrify                  Tmut/Erth      0%         N/A       100%        4
 Sticky Flame             Conj/Fire      0%         2d3       100%        4
 Irradiate                Conj/Tmut      0%         3d11      100%        5
 Ozocubu's Refrigeration  Ice            0%         4d7       100%        7
 Summon Hydra             Summ           0%         N/A       100%        7


Dungeon Overview and Level Annotations

Branches:
Dungeon (6/15)
 Temple: D:4-7

Altars:
Gozag
Nemelex Xobeh
Okawaru

Shops:
D:3 !

Annotations:
D:2 1 runed translucent door, Crazy Yiuf


Innate Abilities, Weirdness & Mutations

You have a pair of horns on your head.
You reflexively headbutt those who attack you in melee.


Message History

The kobold brigand hits you with a +0 short sword.
* * * LOW HITPOINT WARNING * * *
You slash the kobold brigand!
Your headbutt misses the kobold brigand.
The kobold brigand is almost dead.
The scorpion is no longer distracted by gold.
The kobold brigand hits you with a +0 short sword.
* * * LOW HITPOINT WARNING * * *
The kobold brigand barely misses you.
You closely miss the kobold brigand. You headbutt the kobold brigand.
You kill the kobold brigand!
Your Axes skill increases to level 4!
Your Shields skill increases to level 4!
Things that are here:
9 gold pieces; a +0 short sword; 3 poisoned darts You hit the scorpion.
The scorpion is lightly wounded.
The scorpion stings you but does no damage.
The scorpion barely misses you.
You slash the scorpion! You headbutt the scorpion.
You kill the scorpion!
Your Fighting skill increases to level 5!
You have reached level 6!
You start resting.
A sky beast comes into view.
A sky beast is nearby!
A sky beast is nearby!
Found a falchion.
You now have 375 gold pieces (gained 5).
You see here a +0 dagger of electrocution.
Things that are here:
9 gold pieces; a +0 short sword; 3 poisoned darts
Found a stone staircase leading up.
The sky beast is distracted by your dazzling golden aura.
The sky beast is no longer distracted by gold.
You hit the sky beast.
The sky beast is lightly wounded.
The sky beast hits you.
You die...
Your body crumbles into a pile of gold.

......#8#.#8#.
#....#>....##.##
##.##.....#.....###
##..#..#..##.......#
[##.##.##.##......##
...................# #
#.................###.#.
###.....................
##..............@Y.#
#....>..#..........# ..
.......####....$..##....
#.?....###...#$$........
####.........##)..?.....
###.......##.........
#.......#.........<
#..##.###..#.......
##.#### ##.##......


You could see a sky beast.

Vanquished Creatures
  A kobold brigand (D:6)
  A scorpion (D:6)
  A jelly (D:6)
  3 gnolls (D:2)
  6 adders
  3 dart slugs
  An orc (D:3)
  3 endoplasms
  4 giant cockroaches
  5 goblins
  5 hobgoblins
  3 jackals (D:1)
  5 quokkas
  3 ball pythons
  4 bats
  3 frilled lizards
  5 kobolds
  5 rats
61 creatures vanquished.

Vanquished Creatures (others)
  A plant (D:3)
1 creature vanquished.

Grand Total: 62 creatures vanquished

Notes
Turn   | Place    | Note
-------+----------+-------------------------------------------
     0 | D:1      | GigaChad the Minotaur Fighter began the quest for the Orb.
     0 | D:1      | Reached XP level 1. HP: 19/19 MP: 0/0
   316 | D:1      | Reached XP level 2. HP: 27/27 MP: 1/1
   339 | D:1      | Found a faded altar of an unknown god.
   349 | D:1      | Prayed at the altar of an unknown god.
   349 | D:1      | Became a worshipper of Gozag Ym Sagoz the Greedy
   949 | D:2      | Reached XP level 3. HP: 28/34 MP: 2/2
  1453 | D:2      | Reached XP level 4. HP: 39/41 MP: 3/3
  1556 | D:2      | Found a runed translucent door.
  1557 | D:2      | Noticed Crazy Yiuf
  1781 | D:3      | Reached skill level 1 in Dodging
  2378 | D:3      | Found a sparkling altar of Nemelex Xobeh.
  2666 | D:3      | Found an iron altar of Okawaru.
  2687 | D:3      | Reached XP level 5. HP: 41/47 MP: 4/4
  2839 | D:3      | Found Arghi's Distillery.
  2889 | D:3      | You fall into a shaft and drop 3 floors!
  2904 | D:6      | Reached skill level 5 in Armour
  3029 | D:6      | HP: 1/47 [kobold brigand/+0 short sword (4)]
  3034 | D:6      | Reached skill level 5 in Fighting
  3034 | D:6      | Reached XP level 6. HP: 2/56 MP: 5/5
  3038 | D:6      | Noticed a sky beast
  3046 | D:6      | Slain by a sky beast

Illustrated notes

Levels and vault maps discovered:
D:1:      minmay_arrival_five_plusses, layout_basic,
          shapermc_ecumenical_altar_totnotflames
D:2:      layout_rooms, st_stairs_10, hex_intersection, uniq_crazy_yiuf_cottage
D:3:      corexii_shack_village, layout_loops_corners,
          mainiacjoe_overflow_catwalk, okawaru_ov_weapons_minmay,
          mainiacjoe_overflow_brackets, serial_shops, nicolae_square_shop
D:6:      layout_cave_pools, lemuel_mausoleum_altar_yredelemnul,
          amcnicky_mini_corridor_feature, minmay_puff, uniq_eustachio,
          uniq_prince_ribbit1, uniq_maggie

Skill      XL: |  1  2  3  4  5 |
---------------+----------------+-----
Fighting       | 4 5 |  5.0
Axes           | 3 4 |  4.6
Armour         | 4 5 |  5.5
Dodging        | 1 |  1.5
Shields        | 4 |  4.1
Stealth        | |  0.5

Action                   |  1- 3 |  4- 6 || total
-------------------------+-------+-------++-------
Melee: War axe           |    64 |    61 ||   125
       Headbutt          |     8 |     5 ||    13
  Use: Scroll            |       |     7 ||     7
Armor: Scale mail        |    22 |       ||    22
       Chain mail        |    13 |    49 ||    62
Dodge: Dodged            |    33 |    38 ||    71
Block: Buckler           |    10 |    16 ||    26
